Map: Bridgehead LE (Void)

Players

wabbajack - Winner!

  • Race: Zerg Zerg
  • League: Grandmaster

FossiFoo

  • Race: Terran Terran
  • League: Grandmaster

VOD

Have the link to the VOD?

Description

Time

  • Played on: July 14, 2015, 1:13 p.m.
  • Length: 7:39
Show
View Real Time Build Order
Export as new Build Order

wabbajack Zerg - Winner!

Build Orders: Hatch First 

Get SALT Encoding   

  12  0:01  Drone  
  13  0:14  Drone  
  13  0:17  Extractor  
  13  0:18  Extractor  
  13  0:19  Drone  
  13  0:22  Drone  
  16  0:46  Hatchery  
  15  0:54  Overlord  
  15  1:06  Spawning Pool  
  14  1:14  Drone x2  
  17  1:18  Drone  
  17  1:22  Extractor  
  16  1:33  Drone  
  17  1:50  Drone x2  
  17  1:53  Queen  
  21  1:58  Queen  
  21  2:00  Overlord  
  23  2:09  Zergling x4  
  25  2:34  Metabolic Boost  
  25  2:42  Hatchery  
  25  2:44  Drone x3  
  25  2:51  Drone x2  
  29  2:54  Drone  
  30  3:01  Queen  
  32  3:20  Overlord  
  32  3:25  Drone x4  
  36  3:35  Evolution Chamber  
  35  3:42  Roach Warren  
  35  3:55  Drone  
  35  3:56  Drone x3  
  35  3:57  Overlord  
  35  3:58  Zergling x2  
  35  3:59  Zergling x16  
  47  4:28  Drone x3  
  47  4:29  Drone x2  
  47  4:30  Baneling Nest  
  51  4:40  Extractor  
  51  4:43  Drone  
  51  5:10  Lair  
  51  5:14  Drone x3, Extractor  
  51  5:15  Drone x2  
  51  5:16  Overlord x6  
  51  5:20  Drone x3, Extractor  
  57  5:34  Hatchery  
  56  5:38  Zerg Ground Armor Level 1  
  56  5:48  Zergling x16  
  56  5:49  Zergling x16  
  72  6:01  Spore Crawler  
  72  6:03  Spore Crawler  
  70  6:04  Drone x2  
  70  6:05  Spine Crawler  
  67  7:08  Baneling x4  
  63  7:09  Baneling x7  
  63  7:11  Roach  
  63  7:12  Roach x19  
Show
View Real Time Build Order
Export as new Build Order

FossiFoo Terran 

Build Orders:  

Get SALT Encoding   

  12  0:01  SCV  
  13  0:13  SCV  
  14  0:21  Supply Depot  
  14  0:26  Refinery  
  14  0:28  SCV  
  15  0:47  SCV  
  16  0:53  Barracks  
  16  1:00  Supply Depot  
  16  1:02  SCV  
  17  1:07  Refinery  
  17  1:14  SCV  
  18  1:26  SCV  
  19  1:42  Orbital Command  
  19  1:43  Marine  
  20  1:47  Engineering Bay  
  20  1:58  Supply Depot  
  20  2:02  Marine  
  21  2:13  SCV  
  22  2:25  SCV  
  22  2:26  Barracks Tech Lab  
  23  2:37  SCV  
  23  2:38  Factory  
  24  2:45  Barracks  
  24  2:49  Stimpack  
  24  2:50  SCV  
  25  3:00  Terran Infantry Weapons Level 1  
  25  3:02  SCV  
  26  3:10  Marine  
  27  3:14  SCV  
  27  3:19  Missile Turret  
  28  3:25  Factory Tech Lab  
  28  3:26  SCV  
  29  3:28  Marauder  
  29  3:30  Starport  
  31  3:35  Marine  
  31  3:38  SCV  
  33  3:50  SCV, Marauder  
  37  4:02  SCV  
  37  4:03  Marauder  
  39  4:13  Supply Depot x2  
  39  4:19  SCV, Marauder, Medivac  
  39  4:20  Supply Depot  
  44  4:26  Marauder  
  46  4:31  SCV  
  47  4:40  Marine  
  47  4:43  SCV  
  49  4:47  Marauder  
  51  4:55  SCV  
  51  4:59  Marauder  
  54  5:07  Medivac  
  54  5:08  SCV, Marine  
  58  5:20  Marauder  
  60  5:26  Marine  
  60  5:27  Command Center  
  61  5:29  SCV  
  62  5:36  Supply Depot  
  62  5:40  Supply Depot  
  62  5:52  SCV  
  62  5:53  Marine  
  62  5:54  Marauder  
  62  5:55  Medivac  
  68  6:04  SCV  
  69  6:11  Marine  
  69  6:15  Marauder  
  69  6:17  Supply Depot  
  72  6:20  Supply Depot  
  71  6:26  Refinery  
  71  6:29  Marine  
  71  6:31  Bunker  
  70  6:39  Bunker  
Tags
 
Add a new tag
Caveats
  • Supply blocks, unpowered buildings, or Contaminate may cause inaccurate times.
  • Supply counts are checked every 10 seconds.